 Dungeon Crawl Stone Soup version 0.29.1-12-g30fa7ad0bf (webtiles) character file.

Game seed: 8674954692195289624

2047 fleeber the Geomancer (level 9, -2/45 HPs)
             Began as a Gargoyle Earth Elementalist on Dec 20, 2022.
             Was a Follower of Vehumet.
             Slain by Maggie
             ... wielding the +9 lance "Wyrmbane" {slay drac, rPois rF+ rC+ AC+3}
              (3 damage)
             ... on level 7 of the Dungeon.
             The game lasted 00:21:56 (7615 turns).

fleeber the Geomancer (Gargoyle Earth Elementalist) Turns: 7615, Time: 00:21:57

Health: -2/45      AC: 17    Str: 14    XL:     9   Next: 24%
Magic:  8/15       EV: 12    Int: 21    God:    Vehumet [*.....]
Gold:   607        SH:  0    Dex: 22    Spells: 8/16 levels left

rFire   + . .      SeeInvis .   m - +3 whip "Akhlior" {vorpal, rC+ rCorr Dex+3 Stlth+}
rCold   + + +      Faith    .   (no shield)
rNeg    + . .      Spirit   .   n - +5 leather armour of Cyehim {Will+ Str+3 Dex+3}
rPois   ∞          Reflect  .   l - +0 helmet
rElec   +          Harm     .   h - scarf {rC+ rF+}
rCorr   +          Rampage  .   G - +0 pair of gloves
Will    +....                   (no boots)
Stlth   +++.......              (no amulet)
HPRegen 0.15/turn               B - ring of protection from cold
MPRegen 0.14/turn               J - +6 ring of dexterity

@: mesmerised
A: sickness immunity, AC +6, negative energy resistance 1, electricity
resistance, torment resistance 1, petrification resistance
a: Renounce Religion


You were on level 7 of the Dungeon.
You worshipped Vehumet.
Vehumet was aware of your devotion.
You visited 2 branches of the dungeon, and saw 8 of its levels.

You collected 607 gold pieces.

Inventory:

Hand Weapons
 m - the +3 whip "Akhlior" (weapon) {vorpal, rC+ rCorr Dex+3 Stlth+}
   (You found it on level 2 of the Dungeon)

   It inflicts extra damage upon your enemies.
   Dex:       It affects your dexterity (+3).
   rC:        It protects you from cold.
   rCorr:     It protects you from acid and corrosion.
   Stlth:     It makes you more stealthy.
Missiles
 g - 74 stones (quivered)
 I - a throwing net
Armour
 h - a scarf of resistance (worn)
 l - a +0 helmet (worn)
 n - the +5 leather armour of Cyehim (worn) {Will+ Str+3 Dex+3}
   (You found it on level 2 of the Dungeon)

   Str:       It affects your strength (+3).
   Dex:       It affects your dexterity (+3).
   Will:      It increases your willpower.
 G - a +0 pair of gloves (worn)
Magical Staves
 t - a staff of earth
Jewellery
 B - a ring of protection from cold (left hand)
 J - a +6 ring of dexterity (right hand)
 M - a ring of ice
Wands
 p - a wand of flame (3)
 H - a wand of light (8)
 N - a wand of iceblast (6)
Scrolls
 d - a scroll of fear {unknown}
 e - a scroll of noise {unknown}
 f - 6 scrolls of identify {unknown}
 j - a scroll of teleportation {unknown}
 k - 2 scrolls of enchant armour {unknown}
 o - a scroll of enchant weapon {unknown}
 u - a scroll of fog {unknown}
 y - 2 scrolls of blinking {unknown}
 C - 2 scrolls of immolation {unknown}
 K - a scroll of poison {unknown}
Potions
 a - 2 potions of lignification {unknown}
 b - a potion of magic
 c - 7 potions of degeneration {unknown}
 i - a potion of ambrosia {unknown}
 q - 2 potions of attraction {unknown}
 r - a potion of mutation {unknown}
 s - 2 potions of brilliance {unknown}
 v - 3 potions of invisibility {unknown}
 w - a potion of haste {unknown}
 x - 4 potions of flight {unknown}
 z - a potion of might {unknown}
 A - a potion of berserk rage {unknown}
 D - 2 potions of curing {unknown}
 E - 2 potions of experience {unknown}
 F - a potion of cancellation {unknown}
 L - 3 potions of heal wounds {unknown}


   Skills:
 - Level 4.0 Armour
 - Level 1.5 Dodging
 - Level 2.1 Stealth
 - Level 4.0 Spellcasting
 + Level 6.7 Conjurations
 + Level 5.3 Translocations
 - Level 0.7 Transmutations
 - Level 8.0 Earth Magic


You had 8 spell levels left.
You knew the following spells:

 Your Spells              Type           Power      Damage    Failure   Level
a - Sandblast             Erth           74%        2d16      1%          1
b - Stone Arrow           Conj/Erth      70%        3d11      2%          3
c - Iskenderun's Mystic   Conj/Tloc      29%        2d7       12%         4

Your spell library contained the following spells:

 Spells                   Type           Power      Damage    Failure   Level
 Foxfire                  Conj/Fire      72%        2x1d7     3%          1
 Apportation              Tloc           52%        N/A       1%          1
 Passwall                 Tmut/Erth      18%        N/A       3%          2
 Lee's Rapid Deconstruct  Erth           18%        3d12*     16%         5
 Ensorcelled Hibernation  Hex/Ice        8%         N/A       22%         2
 Petrify                  Tmut/Erth      22%        N/A       24%         4
 Fulminant Prism          Conj/Hex       9%         3d7       36%         4
 Swiftness                Air            4%         N/A       41%         3
 Alistair's Intoxication  Tmut/Pois      3%         N/A       98%         5


Dungeon Overview and Level Annotations

Branches:
Dungeon (7/15)             Temple (1/1) D:5

Altars:
Ashenzari
Dithmenos
Elyvilon
Fedhas
Hepliaklqana
Makhleb
Nemelex Xobeh
Okawaru
Qazlal
Ru
Sif Muna
Trog
Vehumet
Wu Jian
Yredelemnul

Annotations:
D:7 Maggie


Innate Abilities, Weirdness & Mutations

You are immune to sickness and miasma.
Your stone body is resilient. (AC +6)
You are immune to poison.
You resist negative energy. (rN+)
You are resistant to electric shocks. (rElec)
You are resistant to unholy torment.
You are immune to petrification.


Message History

The blast of sand hits Maggie.
Maggie is moderately wounded.
Maggie hits you from afar with the +9 lance "Wyrmbane" {slay drac, rPois rF+ rC+ AC+3}!
Aiming: Sandblast (safe; 1% risk of failure)
Press: ? - help, Shift-Dir - straight line, f/p - Maggie
Aim: Maggie, wielding the +9 lance "Wyrmbane" {slay drac, rPois rF+ rC+ AC+3} and wearing +0 acid dragon scales (moderately wounded, 84% to hit)
The blast of sand hits Maggie but does no damage.
Maggie is moderately wounded.
Maggie casts a spell.
Maggie attempts to bespell you!
You are mesmerised by Maggie!
Maggie gives herself a magical halo, but it quickly sputters out.
Maggie hits you from afar with the +9 lance "Wyrmbane" {slay drac, rPois rF+ rC+ AC+3}.
Aiming: Sandblast (safe; 1% risk of failure)
Press: ? - help, Shift-Dir - straight line, f/p - Maggie
Aim: Maggie, wielding the +9 lance "Wyrmbane" {slay drac, rPois rF+ rC+ AC+3} and wearing +0 acid dragon scales (moderately wounded, mesmerising, 84% to hit)
The blast of sand hits Maggie.
Maggie is moderately wounded.
The orc shouts!
Maggie hits you from afar with the +9 lance "Wyrmbane" {slay drac, rPois rF+ rC+ AC+3}!
* * * LOW HITPOINT WARNING * * *
Aiming: Sandblast (safe; 1% risk of failure)
Press: ? - help, Shift-Dir - straight line, f/p - Maggie
Aim: Maggie, wielding the +9 lance "Wyrmbane" {slay drac, rPois rF+ rC+ AC+3} and wearing +0 acid dragon scales (moderately wounded, mesmerising, 84% to hit)
The blast of sand hits Maggie but does no damage.
Maggie is moderately wounded.
An orc warrior comes into view. It is wielding a +0 dire flail.
Maggie hits you from afar with the +9 lance "Wyrmbane" {slay drac, rPois rF+ rC+ AC+3}.
* * * LOW HITPOINT WARNING * * *
Maggie hits you but does no damage.
You cannot move away from Maggie!
Aiming: Sandblast (safe; 1% risk of failure)
Press: ? - help, Shift-Dir - straight line, f/p - Maggie
Aim: Maggie, wielding the +9 lance "Wyrmbane" {slay drac, rPois rF+ rC+ AC+3} and wearing +0 acid dragon scales (moderately wounded, mesmerising, 84% to hit)
The blast of sand hits Maggie but does no damage.
Maggie is moderately wounded.
The orc warrior shouts!
An orc comes into view. It is wielding a +0 club.
Maggie hits you from afar with the +9 lance "Wyrmbane" {slay drac, rPois rF+ rC+ AC+3}.
You die...

.........#..............
.........#...######.##..
.........#..##.....##...
#..........##.....##....
##........##!....##.....
.........##$....##..##+#
........##.######.......
o.o.o...................
####.##@##.######.......
..##...##.....##......
.##..#@.##.###.##..#..
#... .$.##.###.##..#.
#..#. .#..##.....##...
#..##. .....######.##..
.... .. ## .............
### ## .............
############


You could see Maggie (mesmerising), an orc warrior and 2 orcs.

Vanquished Creatures
  Pikel (D:4)
  2 ice beasts
  An ogre (D:6)
  A kobold brigand (D:6)
  A lemure (D:5)
  Blork the orc (D:5)
  A scorpion (D:6)
  4 wights (D:6)
  A howler monkey (D:3)
  A bullfrog zombie (D:4)
  2 hounds
  3 jellies
  A gnoll bouda (D:7)
  4 orc priests
  3 iguanas
  Ijyb (D:5)
  2 scorpion zombies (D:4)
  3 orc wizards
  A hound zombie (D:4)
  Robin (D:2)
  10 adders
  7 gnolls
  4 shadow imps (D:6)
  A white imp (D:6)
  3 worms
  A dart slug (D:4)
  17 orcs
  7 ball pythons
  5 endoplasms
  2 giant cockroaches
  11 goblins
  9 hobgoblins
  7 jackals
  4 quokkas
  6 bats
  3 frilled lizards
  15 kobolds
  5 rats
152 creatures vanquished.

Notes
Turn   | Place    | Note
-------+----------+-------------------------------------------
     0 | D:1      | fleeber the Gargoyle Earth Elementalist began the quest for
                  | the Orb.
     0 | D:1      | Reached XP level 1. HP: 10/10 MP: 3/3
   545 | D:1      | Reached XP level 2. HP: 15/15 MP: 1/5
   671 | D:1      | Reached skill level 1 in Conjurations
   722 | D:1      | Reached skill level 4 in Earth Magic
  1134 | D:2      | Reached XP level 3. HP: 19/19 MP: 2/6
  1301 | D:2      | Learned a level 3 spell: Stone Arrow
  1431 | D:2      | Identified the +3 whip "Akhlior" {vorpal, rC+ rCorr Dex+3
                  | Stlth+}
  1519 | D:2      | Reached XP level 4. HP: 24/24 MP: 5/8
  1576 | D:2      | Identified the +5 leather armour of Cyehim {Will+ Str+3
                  | Dex+3}
  1852 | D:2      | Noticed Robin
  1927 | D:2      | Killed Robin
  2003 | D:2      | Found a faded altar of an unknown god.
  2291 | D:2      | Reached skill level 1 in Translocations
  2291 | D:2      | Reached XP level 5. HP: 28/28 MP: 7/9
  2388 | D:3      | Reached skill level 1 in Armour
  2654 | D:3      | Learned a level 4 spell: Iskenderun's Mystic Blast
  2804 | D:3      | Reached skill level 5 in Earth Magic
  2972 | D:3      | Reached XP level 6. HP: 32/32 MP: 6/10
  3682 | D:4      | Found a basalt altar of Yredelemnul.
  3736 | D:4      | HP: 1/32 [orc priest/+0 club (3)]
  3741 | D:4      | Reached XP level 7. HP: 1/36 MP: 3/12
  4050 | D:4      | Found a hazy altar of Hepliaklqana.
  5089 | D:5      | Entered Level 5 of the Dungeon
  5153 | D:5      | Noticed Blork the orc
  5164 | D:5      | Killed Blork the orc
  5278 | D:5      | Noticed Ijyb
  5283 | D:5      | Killed Ijyb
  5396 | D:5      | Found a sparkling altar of Nemelex Xobeh.
  5589 | D:5      | Noticed Pikel
  5624 | D:4      | Killed Pikel
  5625 | D:4      | Reached skill level 6 in Earth Magic
  5625 | D:4      | Reached XP level 8. HP: 28/41 MP: 8/14
  5939 | D:5      | Found an ornate altar of the Wu Jian Council.
  6066 | D:5      | Found a staircase to the Ecumenical Temple.
  6081 | Temple   | Entered the Ecumenical Temple
  6110 | Temple   | Became a worshipper of Vehumet
  6211 | D:6      | Reached skill level 5 in Conjurations
  6241 | D:6      | Reached skill level 7 in Earth Magic
  6809 | D:6      | Reached XP level 9. HP: 45/45 MP: 11/15
  6813 | D:6      | Reached * piety under Vehumet
  6813 | D:6      | Offered knowledge of Foxfire by Vehumet.
  6894 | D:6      | Reached skill level 5 in Translocations
  6894 | D:6      | Reached skill level 8 in Earth Magic
  7606 | D:7      | Noticed Maggie
  7614 | D:7      | HP: 1/45 [Maggie/the +9 lance "Wyrmbane" {slay drac, rPois
                  | rF+ rC+ AC+3} (5)]
  7615 | D:7      | Slain by Maggie

Illustrated notes

Levels and vault maps discovered:
D:1:      saegor_arrival_fortress, layout_loops_ring, minmay_misc_feat_hallway,
          minivault_11, kennysheep_doodads, minmay_tall_x
D:2:      layout_loops_ring, shapermc_ecumenical_altar_notcrosses, uniq_robin
D:3:      layout_basic, st_stairs_4, grunt_ministairs_9
D:4:      layout_basic, nicolae_yredelemnul_corpse_copse,
          nicolae_hepliaklqana_hazy_memory, grunt_decor_cap
D:5:      layout_basic, nemelex_xobeh_ov_fountains_minmay,
          mainiacjoe_overflow_six_doors_small, minmay_temple_entry_offerings,
          uniq_pikel, uniq_ijyb, uniq_blork_the_orc
D:6:      layout_gridville, minivault_1
D:7:      layout_gridville, zin_angel, minmay_parallelograms, uniq_maggie
Temple:   minmay_freezing_vapour_temple

Skill      XL: |  1  2  3  4  5  6  7  8  9 |
---------------+----------------------------+-----
Conjurations   | 1 2 3 4 5 6 |  6.7
Earth Magic    | 4 5 6 7 8 |  8.0
Translocations | 1 2 3 4 5 |  5.3
Armour         | 1 2 4 |  4.0
Spellcasting   | 3 4 |  4.0
Dodging        | |  1.5
Stealth        | |  2.1
Transmutations | |  0.7

Action                   |  1- 3 |  4- 6 |  7- 9 || total
-------------------------+-------+-------+-------++-------
Melee: Whip              |       |    14 |     4 ||    18
       Punch             |       |     1 |       ||     1
Throw: Stone             |       |     2 |       ||     2
 Cast: Sandblast         |    45 |   109 |   143 ||   297
Evoke: Wand              |       |       |     2 ||     2
Armor: Robe              |     2 |       |       ||     2
       Leather armour    |       |    30 |    29 ||    59
Dodge: Dodged            |     7 |    36 |    36 ||    79
